Cogmind - Beta 16.1 @@@ ROGUE MODE // 2026.04.13 @ 18:45:45 Player: beans Result: Destroyed by S-10 Pest with Light Assault Rifle Performance ------------- Evolutions (0) 0 Regions Visited (2) 400 Robots Destroyed (14) 70 Value Destroyed (313) 313 Prototype IDs (0) 0 Alien Tech Used (0) 0 Bonus (0) 0 TOTAL SCORE: 783 Bonus ------- None Cogmind --------- Core Integrity 0/250 Matter 300/300 Energy 250/250 System Corruption 0% Temperature Cool (0) Movement Treading (160) Location -10/Mines Parts ------- > --- POWER (1) -------- Ion Engine > --- PROPULSION (2) --- Light Treads Light Treads > --- UTILITY (2) ------ Large Storage Unit > --- WEAPON (2) ------- Assault Rifle Light Assault Rifle > --- INVENTORY (15) --- Signal Interpreter Peak State ------------ > --- POWER ------------ Ion Engine > --- PROPULSION ------- Light Treads Light Treads > --- UTILITY ---------- Large Storage Unit > --- WEAPON ----------- Assault Rifle Light Assault Rifle > --- INVENTORY -------- (None) [Rating: 6] Favorites ----------- Power Ion Engine Engine Ion Engine Propulsion Light Treads Treads Light Treads Utility Large Storage Unit Storage Large Storage Unit Weapon Light Assault Rifle Ballistic Gun Light Assault Rifle Build | -11 -10 -10 ------- Run | Yrd Mat Min Slots Evolved . | . . . Power . | . . . Propulsion . | . . . Utility . | . . . Weapon . | . . . Parts Attached 7 | 6 1 . Power 2 | 2 . . Engine 2 | 2 . . Core . | . . . Reactor . | . . . Propulsion 2 | 2 . . Treads 2 | 2 . . Leg . | . . . Wheel . | . . . Hover . | . . . Flight . | . . . Utility 1 | . 1 . Device . | . . . Storage 1 | . 1 . Processor . | . . . Hackware . | . . . Protection . | . . . Artifact . | . . . Weapon 2 | 2 . . Energy Gun . | . . . Energy Cannon . | . . . Ballistic Gun 2 | 2 . . Ballistic Cannon . | . . . Launcher . | . . . Special Weapon . | . . . Impact Weapon . | . . . Slashing Weapon . | . . . Piercing Weapon . | . . . Special Melee Weapon . | . . . Unidentified Prototypes . | . . . Parts Lost . | . . . Power . | . . . Propulsion . | . . . Utility . | . . . Weapon . | . . . Highest Loss Streak . | . . . To Critical Strikes . | . . . Average Backups . | . . . Power . | . . . Propulsion . | . . . Utility . | . . . Weapon . | . . . Tool/Special . | . . . Unused Backups . | . . . Power . | . . . Propulsion . | . . . Utility . | . . . Weapon . | . . . Tool/Special . | . . . Average Slot Usage (%) 76 | . 74 85 Engine 14 | . 14 14 Treads 28 | . 28 28 Storage 5 | . 3 14 Ballistic Gun 28 | . 28 28 Peak Build Rating 6 | 5 6 6 Average Rating 5 | 3 5 6 On Entrance 3 | . 5 6 Avg Prop Armor Cover (%) . | . . . Naked Turns . | . . . Heaviest Build 28 | 8 28 28 Greatest Support 40 | 40 40 40 Greatest Overweight (x) . | . . . Average Overweight (x) . | . . . Largest Inventory Capacity 15 | 5 15 15 Average Capacity 8 | 5 7 15 Most Carried 4 | 4 1 1 Average Carried . | . . . Final Capacity 15 | 5 15 15 Final Carried 1 | . . 1 Class Distribution -------------------- 100% | Mutant Dominant Class ---------------- Mutant | -10/Materials Mutant | -10/Mines Resources | -11 -10 -10 ----------- Run | Yrd Mat Min Matter Collected 442 | 232 170 40 Remotely . | . . . Salvage Created 580 | . 352 228 Parts 23 | . 12 11 Haulers Intercepted 1 | . 1 . Recyclers Shooed 1 | . 1 . Parts Field Recycled . | . . . Retrieved Matter . | . . . Parts Self-Destructed . | . . . Prevented . | . . . Parts Restored . | . . . Kills | -11 -10 -10 ------- Run | Yrd Mat Min Combat Hostiles Destroyed 9 | . 5 4 Guns 9 | . 5 4 Classes Destroyed 5 | . 4 1 Worker 2 | . 1 1 Hauler 1 | . 1 . Recycler 2 | . 1 1 Swarmer 2 | . . 2 Grunt 7 | . 5 2 Best Kill Streak 4 | . 3 4 Combat Bots Only 2 | . 2 2 Max Kills in Single Turn 2 | . 1 2 Gunslinging . | . . . Exploded . | . . . Melee . | . . . Uniques/NPCs Destroyed . | . . . Combat | -11 -10 -10 -------- Run | Yrd Mat Min Hostile Shots Fired 75 | . 51 24 Missed 17 | . 13 4 Hits 58 | . 38 20 Projectile 58 | . 38 20 Damage Taken 697 | . 489 208 Core 256 | . 184 72 Absorbed by Shields . | . . . Core Remaining (%) 100 | 100 . . Volleys Fired 43 | . 33 10 Largest 2 | . 2 2 Hottest 40 | . 40 40 Shots Fired 86 | . 66 20 Gun 86 | . 66 20 Cannon . | . . . Launcher . | . . . Special . | . . . Kinetic 86 | . 66 20 Thermal . | . . . Explosive . | . . . Electromagnetic . | . . . Robot Hit Streak 9 | . 8 9 Robot Miss Streak 5 | . 5 1 Penetration Max . | . . . Secondary Targets 3 | . 1 2 Max Gunslinging Chain 1 | . 1 1 Shots Hit Robots 55 | . 41 14 Core Hits 26 | . 16 10 Critical Kills 1 | . 1 . Critical Parts Destroyed . | . . . Critical Strikes 1 | . 1 . Destroy 1 | . 1 . Melee Attacks . | . . . Impact . | . . . Slashing . | . . . Piercing . | . . . Sneak Attacks . | . . . Combat Hostiles . | . . . Follow-up Attacks . | . . . Damage Inflicted 608 | . 456 152 Guns 608 | . 456 152 Cannons . | . . . Explosions . | . . . Melee . | . . . Ramming . | . . . Kinetic 608 | . 456 152 Thermal . | . . . Explosive . | . . . Electromagnetic . | . . . Impact . | . . . Slashing . | . . . Piercing . | . . . Highest Corruption . | . . . Average Corruption . | . . . Corruption Purged . | . . . Corruption Blocked . | . . . Overload Shots . | . . . Overflow Damage . | . . . Projectiles . | . . . Explosions . | . . . Melee . | . . . Knockbacks . | . . . Impact . | . . . Kinetic . | . . . Secondary . | . . . Self-Inflicted Damage . | . . . Shots . | . . . Rammed . | . . . Targets Rammed . | . . . Kicked . | . . . Crushed . | . . . Highest Temperature 34 | . 34 19 Average Temperature 10 | . 11 9 Received Heat Transfer 348 | . 282 66 Siege Activations . | . . . Martial Activations . | . . . Shielding Activations . | . . . Robots Disrupted . | . . . Combat Hostiles . | . . . Robots Corrupted . | . . . Combat Hostiles . | . . . Parts Fried . | . . . Impact Corruptions . | . . . Robots Melted . | . . . Combat Hostiles . | . . . Parts Melted . | . . . Heat Transferred . | . . . Parts Sabotaged . | . . . Parts Stolen . | . . . Parts Stripped . | . . . Power Chain Reactions . | . . . Alert | -11 -10 -10 ------- Run | Yrd Mat Min Maximum Alert Level . | . . . Low Security (%) 100 | 100 100 100 Level 1 . | . . . Level 2 . | . . . Level 3 . | . . . Level 4 . | . . . Level 5 . | . . . High Security . | . . . Max Security . | . . . Peak Influence 98 | . 90 98 Initial 18 | . . 18 Average 38 | . 40 58 Influence Increases 257 | . 147 110 Destroy 0b10 Robot/C 180 | . 100 80 Destroy 0b10 Robot/NC 25 | . 15 10 Destroy Leader 52 | . 32 20 Influence Decreases 159 | . 100 59 Entered New Map 29 | . . 29 Time Decay 130 | . 100 30 Squads Dispatched 1 | . 1 . Investigation . | . . . Extermination . | . . . Reinforcement 1 | . 1 . Assault . | . . . Garrison . | . . . Intercept . | . . . Searches Triggered . | . . . Construction Impeded . | . . . Haulers Reinforced . | . . . Active Scanning Responses . | . . . Cargo Convoy Interrupts . | . . . Stealth | -11 -10 -10 --------- Run | Yrd Mat Min Distress Signals . | . . . Communications Jammed . | . . . Distress Signals . | . . . Times Spotted 15 | . 7 8 Peak Tracking Total 4 | . 3 4 Tactical Retreats . | . . . Traps | -11 -10 -10 ------- Run | Yrd Mat Min Traps Triggered . | . . . Indirectly . | . . . Trap Hack Attempts . | . . . Triggered . | . . . Disarmed . | . . . Reprogrammed . | . . . Reused . | . . . Traps Extracted . | . . . Installed . | . . . Triggered . | . . . Machines | -11 -10 -10 ---------- Run | Yrd Mat Min Machines Disabled . | . . . Max in Single Turn . | . . . Machines Repaired . | . . . Machines Dismantled . | . . . Machines Sabotaged . | . . . Overloaded Fab Kills . | . . . Hacking | -11 -10 -10 --------- Run | Yrd Mat Min Machines Accessed . | . . . Terminals . | . . . Fabricators . | . . . Repair Stations . | . . . Recycling Units . | . . . Scanalyzers . | . . . Garrison Access . | . . . Total Hacks . | . . . Successful . | . . . Failed . | . . . Catastrophic . | . . . Database Lockouts . | . . . Manual . | . . . Terminals . | . . . Fabricators . | . . . Repair Stations . | . . . Recycling Units . | . . . Scanalyzers . | . . . Garrison Access . | . . . Terminal Hacks . | . . . Fabricator Hacks . | . . . Repair Station Hacks . | . . . Recycling Unit Hacks . | . . . Scanalyzer . | . . . Garrison Access Hacks . | . . . Unauthorized Hacks . | . . . Terminals . | . . . Fabricators . | . . . Repair Stations . | . . . Recycling Units . | . . . Scanalyzers . | . . . Garrison Access . | . . . Data Cores Recovered . | . . . Used . | . . . Hacking Detections . | . . . Full Trace Events . | . . . Feedback Events . | . . . Feedback Blocked . | . . . Robot Schematics Acquired . | . . . Robots Built . | . . . Authchips . | . . . Time . | . . . Total Robot Build Rating . | . . . Part Schematics Acquired . | . . . Parts Built . | . . . Authchips . | . . . Time . | . . . Total Part Build Rating . | . . . Part Studies Acquired . | . . . Parts Repaired . | . . . Time . | . . . Parts Recycled . | . . . Recycled Matter . | . . . Retrieved Matter . | . . . Retrieved Components . | . . . Parts Scanalyzed . | . . . Part Schematics Acquired . | . . . Parts Damaged . | . . . Bothacking | -11 -10 -10 ------------ Run | Yrd Mat Min Used RIF Installer . | . . . Robots Hacked . | . . . Non-combat . | . . . Combat . | . . . Robot Hacks Applied . | . . . Relay Couplers Released . | . . . Fabnet Peak Effective % . | . . . Robots Rewired . | . . . Allies Hacked . | . . . Hacks Repelled . | . . . Allies | -11 -10 -10 -------- Run | Yrd Mat Min Total Allies . | . . . Largest Group . | . . . Highest-Rated Group . | . . . Highest-Rated Ally . | . . . Total Orders . | . . . Ally Attacks . | . . . Total Damage . | . . . Kills . | . . . Allies Corrupted . | . . . Allies Melted . | . . . Intel | -11 -10 -10 ------- Run | Yrd Mat Min Active Infowar (turns) . | . . . Robot Analysis Total . | . . . Derelict Logs Recovered . | . . . Drone Launches . | . . . Drone Recoveries . | . . . Exploration | -11 -10 -10 ------------- Run | Yrd Mat Min Turns Passed 391 | 57 256 78 Spaces Moved 169 | 36 102 31 Core 11 | 11 . . Treads 158 | 25 102 31 Legs . | . . . Wheels . | . . . Hover . | . . . Flight . | . . . Fastest Speed 50 | 50 160 160 Average Speed 152 | 126 160 160 Slowest Speed 160 | 160 160 160 Overloaded Moves . | . . . Propulsion Burnouts . | . . . Robots Hopped . | . . . Potential Cave-ins . | . . . Cave-ins Triggered . | . . . Exploration Rate (%) 12 | 3 24 10 Regions Visited 2 Branch Regions 1 Pre-discovered Areas . | . . . Known Exits Taken . | . . . Unknown Exits Taken 2 | 1 1 . Scrap Searched . | . . . Spaces Dug . | . . . Terrain Destroyed . | . . . Melee . | . . . Projectile . | . . . AOE . | . . . Terrain Rammed . | . . . Walls Destroyed . | . . . Machines Disabled . | . . . Actions | -11 -10 -10 --------- Run | Yrd Mat Min Total 226 | 48 136 42 Wait . | . . . Move 167 | 35 101 31 Hop . | . . . Pick Up 8 | 6 1 1 Fast Attach . | . . . Attach 6 | 5 1 . Detach . | . . . Swap 1 | 1 . . Drop 1 | 1 . . Fire 43 | . 33 10 Melee . | . . . Ram . | . . . Kick . | . . . Crush . | . . . Escape Stasis . | . . . Rewire . | . . . Trap . | . . . Miscellaneous . | . . . Route ------- -11/Scrapyard -10/Materials -10/Mines History --------- Turn | Location | Event 6 | -11/Scrapyard | Discovered new exit (range 15) 58 | -11/Scrapyard | Entered Materials 174 | -10/Materials | Core integrity fell below 50% 290 | -10/Materials | Discovered new exit (range 16) 311 | -10/Materials | Build established: Mutant 314 | -10/Materials | Entered Mines 319 | -10/Mines | Core integrity fell below 20% 367 | -10/Mines | Assembled infested the area 392 | -10/Mines | Destroyed by S-10 Pest with Light Assault Rifle Last Messages --------------- G-47 Trooper destroyed. Switching to secondary target: G-34 Mercenary. G-34 Mercenary destroyed. Acquired 20 matter. R-06 Scavenger destroyed. Acquired 4 matter. ALERT: Infestation in the mines, dispatching Demolisher response squad. K-01 Serf collects debris. S-10 Pest destroyed. K-01 Serf collects debris. S-10 Pest destroyed. Switching to secondary target: S-10 Pest. K-01 Serf destroyed. Acquired 12 matter. C-45 Heavy ARC bursts open, deploying its payload. D-53 Grenadier unfolds itself. Acquired 4 matter. Acquired Signal Interpreter. Map ----- +----------------------------------------------------+ | ?????????????????????????????????????????????????? | | ?????????????????????????????????????????????????? | | ?????????????????????????????????????????????????? | | ?????????????????????????????????????????????????? | | ?????????????????????????????????????????????????? | | ?????????????????????????????????????????????????? | | ?????????????????????????????????????????????????? | | ?????????????????????????????????????????????????? | | ?????????????????????????????????????????????????? | | ??????????????????????????????????????###??#?????? | | ?????????????????????????????????????? ?? ##???? | | ?????????????????????????????????????? ?? ###?? | | ????????????????????????##????????????# #?? ##? | | ???????????????????????? ????????????# #?? #? | | ????????????????????????# ????????????# #?? ## | | ????????????????????????# ????????????# #??# # | | ????????????????????????# #??????????## #### # | | ????????????????????????# ?????????## !% # | | ??????????????????????### #?????????# # | | ??????????????????????? u #?????????# = ## | | ???????????????????????## ##????????## !%= ##? | | ???????????????????????# ###???????# ## ######?? | | ???????????????????????# a ######### ## #??????? | | ???????????????????????# t! d =%! #??????? | | ???????????????????????# d!k**#############??????? | | ???????????????????????##@*s[%#??????????????????? | | ????????????????????????##= =##??????????????????? | | ?????????????????????????###%#???????????????????? | | ???????????????????????????# #???????????????????? | | ??????????????????????????? ???????????????????? | | ??????????????????????????? ??????????????????? | | ??????????????????????????# """ ?????????????????? | | ??????????????????????????# """ #????????????????? | | ??????????????????????????# """ #????????????????? | | ??????????????????????????# #????????????????? | | ??????????????????????????####??#????????????????? | | ?????????????????????????????????????????????????? | | ?????????????????????????????????????????????????? | | | | | | | | | | | | | | | | | | | | | | | | | +----------------------------------------------------+ Best States ------------- Heat Dissipation 25 Energy Generation 10 Energy Capacity 250 Matter Stores 300 Matter Capacity 300 Sight Range 16 Terrain Scan Density 10 Evasion (%) 50 Recoil Reduction 2 Item Schematics ----------------- None Robot Schematics ------------------ None Fabricated ------------ Nothing Repaired ---------- Nothing Studied --------- None Alien Tech Used ----------------- None Achievements -------------- None Challenges ------------ None Game ------ Seed ArmorDefenseFist Manual? 0 Play Time 00:02:42 Cumulative 264.6 hours Start 2026.04.12 @ 13:13:43 End 2026.04.13 @ 18:45:45 Sessions 1 Manual Loads 0 Difficulty Rogue Special Mode None Game No. 703 Rogue 701 Adventurer 2 Explorer 0 Win Type - Total 0 Types 0/0/0/0/0/0/0/0/0/0 Lore% 67 Gallery% 63 Achievement% 44 Wizard Run 0 Options --------- Layout 2 ASCII 0 Keyboard 0 Movement Mouse Keybinds 0 Fullscreen 1 Font 24/Smallcaps Map View 50x44 Zoom Use 0% Tactical HUD 0 Map Filters NONE Filters NONE Steam 1 RUN: e68820ed-f3f3-426c-b73b-ea65e6698b22